 Dungeon Crawl Stone Soup version 0.16.2-12-gd0ad4c3 (webtiles) character file.

20507 magipi the Champion of Chaos (level 12, 0/100 HPs)
             Began as a Ghoul Gladiator on Oct 23, 2015.
             Was the Champion of Makhleb.
             Slain by an ice beast (5 damage)
             ... summoned by an ice statue
             ... in an ice cave.
             The game lasted 01:38:24 (12081 turns).

magipi the Champion of Chaos (Ghoul Gladiator)     Turns: 12081, Time: 01:38:25

Health: 0/100      AC: 22    Str: 20    XL:     12   Next: 80%
Magic:  25/25      EV:  9    Int:  4    God:    Makhleb [******]
Gold:   93         SH:  0    Dex: 12    Spells: 0 memorised, 11 levels left

rFire  + . .     SeeInvis .     a - +2 battleaxe (elec)
rCold  + . .     Clarity  +     i - +5 chain mail "Xompus" {MR+++ Stlth-}
rNeg   + + +     SustAb   .     (no shield)
rPois  ∞         Gourm    .     c - +0 helmet
rElec  .         Spirit   .     d - +1 cloak
rCorr  .         Warding  .     p - +1 pair of gloves
rMut   .         Stasis   .     (no boots)
MR     ++++.                    x - amulet of clarity
Stlth  ..........               f - ring of protection from fire
                                e - ring of protection from magic

@: very slightly contaminated, rotting, incredibly resistant to hostile
enchantments, extremely unstealthy
A: rotting body, claws 1, carnivore 3, cold resistance 1, negative energy
resistance 3, poison resistance, slow healing 1, torment resistance, unbreathing
a: Minor Destruction, Lesser Servant of Makhleb, Major Destruction, Greater
Servant of Makhleb, Renounce Religion


You were in an ice cave.
You worshipped Makhleb.
Makhleb was exalted by your worship.
You were not hungry.

You visited 3 branches of the dungeon, and saw 16 of its levels.
You also visited: Sewer and Ice Cave.

You collected 864 gold pieces.
You spent 771 gold pieces at shops.

Inventory:

Hand weapons
 a - a +2 battleaxe of electrocution (weapon)
 b - a +1 battleaxe
Missiles
 g - 35 poisoned needles
 l - 4 throwing nets (quivered)
 w - 2 curare-tipped needles
 H - 4 tomahawks
Armour
 c - a +0 helmet (worn)
 d - a +1 cloak (worn)
 i - the +5 chain mail "Xompus" (worn) {MR+++ Stlth-}
   (You bought it in a shop on level 10 of the Dungeon)

   It affects your resistance to hostile enchantments.
   It makes you less stealthy.
 p - a +1 pair of gloves (worn)
Jewellery
 e - a ring of protection from magic (left hand)
 f - a ring of protection from fire (right hand)
 o - an uncursed ring of wizardry
 x - an amulet of clarity (around neck)
Magical devices
 h - a wand of slowing (24)
 k - a wand of enslavement (8)
 u - a wand of random effects (18)
 B - a wand of magic darts (16)
 D - a wand of fireball (0)
 Q - a wand of paralysis (3)
 R - a wand of disintegration (3)
Scrolls
 j - 3 scrolls of magic mapping
 y - 2 scrolls of remove curse
 L - a scroll of amnesia
 M - a scroll of enchant weapon
Potions
 n - 2 potions of haste
 r - a potion of heal wounds
 s - a potion of ambrosia
 t - 2 potions of curing
 v - a potion of resistance
 A - a potion of agility
 E - a potion of lignification
 F - a potion of magic
 G - a potion of might
 K - 2 potions of invisibility
Comestibles
 m - 4 beef jerkies
 z - 2 slices of pizza
 C - a royal jelly
 J - 4 meat rations


   Skills:
 + Level 7.1 Fighting
 + Level 10.3 Axes
 - Level 4.4 Throwing
 - Level 9.0 Armour
 - Level 2.6 Dodging
 - Level 10.7 Invocations
 - Level 8.5 Evocations


You had 11 spell levels left.
You didn't know any spells.

Dungeon Overview and Level Annotations

Branches:
Dungeon (12/15)            Temple (0/1) D:7            Lair (1/8) D:9
    Orc (3/4) D:12
    Elf: Orc:3-4

Altars:
Cheibriados
Gozag
Kikubaaqudgha
Makhleb
Nemelex Xobeh
Okawaru
Qazlal
Ru
Sif Muna
Trog
Vehumet
Zin
Beogh

Shops:
D:8 }:   D:10 [   Orc:1 (

Annotations:
D:4 Dowan; Duvessa; dvd's ghost, average DDBe
D:12 Erolcha
Orc:3 Nergalle; Nessos IceCv exclusion: ice statue


Innate Abilities, Weirdness & Mutations

Your body is rotting away.
You thrive on raw meat.
You have sharp fingernails.
You are carnivorous and can eat meat at any time.
Your flesh is cold resistant.
You are immune to negative energy.
Your system is resistant to poisons.
You heal slowly when monsters are visible.
You are immune to unholy pain and torment.
You can survive without breathing.

Vault maps used:
D:1:      dpeg_arrival_erosion, lemuel_another_geyser
D:2:      grunt_temple_overflow_open
D:3:      overflow_temple_1_default, nicolae_ru_great_annihilating_truth
D:4:      tgw_kikubaaqudgha, uniq_duvessa
D:5:      first_bread, uniq_grinder, uniq_prince_ribbit1, uniq_natasha
D:6:      basic_altar, gup_sewer_entry_bubbles
D:7:      minmay_temple_entry_butterflies, the_bakery, uniq_edmund
D:8:      kennysheep_orc_sif_temple, serial_shops, nicolae_shop_behind_doors,
          kennysheep_mini, shop, shop, basic_altar
D:9:      grunt_lair_entry_elf_guard_hut
D:10:     serial_shops, shop, serial_undead, serial_undead_a, serial_undead_a,
          serial_undead_d, serial_undead_b, serial_undead_f, serial_undead_c
D:11:     uniq_grum, uniq_harold, uniq_josephine
D:12:     zombieorc2_lemuel, spider_trap, statue_in_the_mist_lemuel,
          uniq_erolcha
Lair:1:   portal_ice_cave_entry_ice_beasts, lemuel_fruit_tree
Orc:1:    serial_shops, shop, special_room, enter_bailey_2, roderic_batcave
Orc:2:    basic_altar
Orc:3:    basic_altar, nicolae_orc_pool_cavern, baited_tele_trap, uniq_nergalle,
          uniq_nessos
Sewer:    sewer_co_purgy_island
IceCv:    ice_cave_tombish


Message History

You destroy the ice statue!
You feel a little better.
Your Fighting skill increases to level 7!
You are engulfed in freezing vapours.
You resist. The ice beast hits you. The ice beast freezes you. You resist.
The ice beast closely misses you.
You slash the ice beast!
The ice beast is severely wounded.
You hit the ice beast.
You kill the ice beast!
You are engulfed in freezing vapours.
You resist.
The ice beast hits you but does no damage.
Unknown command.
You closely miss the ice beast.
The ice beast is severely wounded.
The ice beast hits you but does no damage.
The ice beast barely misses you.
The ice statue glitters chillingly in the dim dungeon light.
You hit the ice beast.
There is a sudden explosion of sparks!
You kill the ice beast!
The ice beast barely misses you.
You slash the ice beast!
The ice beast is severely wounded.
The ice beast hits you. The ice beast freezes you. You resist.
You slash the ice beast!
You kill the ice beast!
You closely miss the ice beast.
The ice beast hits you but does no damage.
You closely miss the ice beast. The ice beast barely misses you.
You barely miss the ice beast.
The ice beast hits you but does no damage. x2
You slash the ice beast!
There is a sudden explosion of sparks!
The ice beast is severely wounded.
The ice beast closely misses you.
You slice the ice beast!!
There is a sudden explosion of sparks!
You kill the ice beast!
Really walk into a travel-excluded area?
Okay, then.
Unknown command.
Eat which item? (? for menu, Esc to quit)
Okay, then.
Really walk into a travel-excluded area?
The ice statue throws ice at you. The shard of ice hits you!
You partially resist.
You slash the ice statue!
The ice statue is lightly damaged.
The ice statue throws cold at you. The freezing blast engulfs you! You resist.
The ice statue glitters chillingly in the dim dungeon light.
You slash the ice statue!
The ice statue is moderately damaged.
You are engulfed in freezing vapours.
You resist.
You hit the ice statue but do no damage.
The ice statue is moderately damaged.
You are engulfed in freezing vapours.
You resist.
The ice statue glitters chillingly in the dim dungeon light.
You slash the ice statue!
The ice statue is severely damaged.
You hit the ice beast.
The ice beast is lightly wounded.
You are engulfed in freezing vapours.
You resist.
The ice beast hits you but does no damage.
You slash the ice statue!
The ice statue is almost destroyed.
You hit the ice beast but do no damage. You hit the ice beast.
The ice beast is lightly wounded.
You are engulfed in freezing vapours.
You resist. The ice statue throws ice at you. The shard of ice hits you!
You partially resist.
The ice beast hits you but does no damage.
The ice beast barely misses you. The ice statue throws cold at you.
The bolt of cold hits you!
You hit the ice statue but do no damage.
The ice statue is almost destroyed.
You barely miss the ice beast. You slash the ice beast!
There is a sudden explosion of sparks!
The ice beast is almost dead.
The ice statue glitters chillingly in the dim dungeon light.
The ice statue throws ice at you. The shard of ice hits you!
You partially resist.
* * * LOW HITPOINT WARNING * * *
The ice beast completely misses you.
The ice beast hits you but does no damage.
The ice beast hits you but does no damage.
You barely miss the ice beast.
The ice beast is almost dead.
The ice beast hits you but does no damage.
You closely miss the ice beast.
The ice beast is almost dead.
You hit the ice beast but do no damage.
There is a sudden explosion of sparks!
The ice beast is almost dead.
The ice beast hits you.
* * * LOW HITPOINT WARNING * * *
The ice beast freezes you. You resist.
* * * LOW HITPOINT WARNING * * *
The ice beast hits you but does no damage.
The ice beast hits you.
* * * LOW HITPOINT WARNING * * *
The ice beast freezes you. You resist.
You die...

#.............#
#.............#
#...........#
##?#.....#8##
####...####
#...## ##...#
##YY.# #..@##
##...##
##.....##
#...∩...#
#...∩...#
##.....##
##...## #####


You could see 2 ice beasts.

Table legend:
 A = Kills in this place as a percentage of kills in entire the game.
 B = Kills by you in this place as a percentage of kills by you in the entire game.
 C = Kills by friends in this place as a percentage of kills by friends in the entire game.
 D = Other kills in this place as a percentage of other kills in the entire game.
 E = Experience gained in this place as a percentage of experience gained in the entire game.
 F = Experience gained in this place divided by the number of levels of this place that you have seen.
                   A       B       C       D       E      F
               +-------+-------+-------+-------+-------+----------------------
         Total | 100.0 | 100.0 | 100.0 |  -nan | 100.0 | 1627.6
       Dungeon |  79.1 |  79.4 |  50.0 |  -nan |  80.8 | 1972.5
          Lair |   2.4 |   2.4 |   0.0 |  -nan |   5.0 | 1452.0
  Orcish Mines |  17.0 |  16.6 |  50.0 |  -nan |  10.3 | 1010.7
         Sewer |   1.2 |   1.2 |   0.0 |  -nan |   0.5 | 140.0
      Ice Cave |   0.4 |   0.4 |   0.0 |  -nan |   3.4 | 1002.0
               +-------+-------+-------+-------+-------+----------------------

Vanquished Creatures
  Josephine (D:11)
  Harold (D:11)
  An ice statue (IceCv)
  An orc knight (Orc:1)
  A cyclops (D:11)
  A manticore (D:11)
  2 centaur zombies
  2 gargoyles
  2 centaur skeletons
  A blue devil (IceCv)
  Grinder (D:5)
  3 trolls (D:9)
  2 trapdoor spider zombies
  6 wraiths
  A wyvern (D:12)
  2 steam dragons (D:10)
  A hill giant zombie (D:12)
  2 hungry ghosts
  Grum (D:11)
  8 yaks
  A deep elf fighter (D:9)
  2 porcupines (Lair:1)
  Edmund (D:7)
  2 wolves (D:11)
  A water moccasin (D:12)
  Purgy (Sewer)
  2 sky beasts
  16 ice beasts
  7 ogres
  3 phantoms
  4 necrophages
  16 orc warriors
  2 eyes of draining
  6 centaurs
  2 crocodiles
  The ghost of Kharon the Magician, an average DEWz (D:3)
  10 giant frogs
  A big kobold (D:7)
  A troll zombie (D:12)
  4 scorpions
  20 wights
  4 electric eels (D:9)
  2 wasp zombies
  2 giant frog zombies (D:10)
  3 goliath beetles (D:6)
  A quasit (D:11)
  21 orc priests
  4 crimson imps
  6 hounds
  3 jellies
  15 orc wizards
  A giant frog skeleton (D:12)
  Natasha (D:5)
  An iguana (D:7)
  9 worker ants
  A killer bee zombie (D:10)
  6 ogre zombies (D:12)
  A hound zombie (D:8)
  3 mummies
  2 hound skeletons
  3 gnolls (D:3)
  A worker ant zombie (D:10)
  18 adders
  3 river rats
  A shadow imp (D:8)
  3 giant mites
  7 worms
  9 giant geckos
  80 orcs
  2 ball pythons (Sewer)
  28 bats
  2 bat skeletons
  15 hobgoblins
  3 jackals (D:3)
  2 oozes (D:3)
  5 quokkas
  5 giant cockroaches
  A giant gecko skeleton (D:7)
  7 giant newts
  A giant spore (D:9)
  14 goblins
  2 goblin skeletons (D:12)
  2 goblin zombies (D:12)
  2 hobgoblin skeletons (D:12)
  2 hobgoblin zombies (D:12)
  15 kobolds
  2 orc skeletons (D:12)
  15 orc zombies (D:12)
  26 rats
  2 ballistomycetes (D:9)
  2 fungi (D:9)
  3 plants
512 creatures vanquished.

Vanquished Creatures (collateral kills)
  An orc high priest (Orc:1)
  An orc knight (Orc:1)
  An ugly thing (D:11)
  2 wights (D:9)
  An orc priest (Orc:1)
6 creatures vanquished.

Vanquished Creatures (others)
  A cacodemon (Orc:1)
  A ynoxinul (D:9)
  An orc (Orc:3)
  A giant spore (D:12)
  A rat (D:1)
  A fungus (D:9)
6 creatures vanquished.

Grand Total: 524 creatures vanquished

Notes
Turn   | Place    | Note
--------------------------------------------------------------
     0 | D:1      | magipi, the Ghoul Gladiator, began the quest for the Orb.
     0 | D:1      | Reached XP level 1. HP: 17/17 MP: 1/1
   206 | D:1      | Reached skill level 3 in Axes
   206 | D:1      | Reached XP level 2. HP: 11/24 MP: 2/2
   593 | D:1      | Reached XP level 3. HP: 27/27 MP: 3/3
   962 | D:2      | Found a burning altar of Makhleb.
   963 | D:2      | Found a sparkling altar of Nemelex Xobeh.
   966 | D:2      | Found a glowing silver altar of Zin.
   966 | D:2      | Found a radiant altar of Vehumet.
   968 | D:2      | Found a snail-covered altar of Cheibriados.
   968 | D:2      | Found a stormy altar of Qazlal.
   971 | D:2      | Became a worshipper of Makhleb the Destroyer
  1156 | D:2      | Reached XP level 4. HP: 11/34 MP: 3/3
  1464 | D:3      | Reached skill level 4 in Axes
  1515 | D:3      | Found a sacrificial altar of Ru.
  1528 | D:3      | Acquired Makhleb's first power
  1537 | D:3      | Reached XP level 5. HP: 38/41 MP: 4/4
  1588 | D:3      | Noticed Kharon's ghost (average DEWz)
  1646 | D:3      | Killed Kharon's ghost
  1746 | D:3      | Reached XP level 6. HP: 47/47 MP: 5/5
  1801 | D:3      | Found an iron altar of Okawaru.
  1920 | D:4      | Acquired Makhleb's second power
  2079 | D:4      | Noticed Duvessa
  2080 | D:4      | Noticed Dowan
  2195 | D:4      | Reached skill level 5 in Axes
  2496 | D:4      | Found an ancient bone altar of Kikubaaqudgha.
  2496 | D:4      | Noticed a human
  2496 | D:4      | Noticed dvd's ghost (average DDBe)
  2512 | D:5      | Entered Level 5 of the Dungeon
  2545 | D:5      | Reached XP level 7. HP: 36/55 MP: 5/5
  2628 | D:5      | HP: 2/55 [ogre/giant club (19)]
  2650 | D:5      | Reached skill level 6 in Axes
  2777 | D:5      | Noticed Natasha
  2795 | D:5      | Killed Natasha
  3119 | D:5      | Noticed Grinder
  3121 | D:5      | Reached skill level 7 in Axes
  3146 | D:5      | Killed Grinder
  3146 | D:5      | Reached skill level 8 in Axes
  3146 | D:5      | Reached XP level 8. HP: 45/61 MP: 6/6
  3237 | D:5      | Acquired Makhleb's third power
  3452 | D:6      | Reached skill level 9 in Axes
  3501 | D:6      | Found a glowing drain.
  3522 | Sewer    | Entered a sewer
  3564 | Sewer    | Noticed Purgy
  3577 | Sewer    | Killed Purgy
  3969 | D:6      | Reached XP level 9. HP: 30/67 MP: 7/7
  3974 | D:6      | Acquired Makhleb's fourth power
  4010 | D:6      | Reached skill level 10 in Axes
  4109 | D:7      | Reached skill level 1 in Invocations
  4197 | D:7      | Noticed Edmund
  4219 | D:7      | Killed Edmund
  4379 | D:7      | Found a staircase to the Ecumenical Temple.
  4810 | D:6      | Found a bloodstained altar of Trog.
  4924 | D:6      | Reached skill level 5 in Fighting
  5086 | D:8      | Found Otwoururo's Book Boutique.
  5170 | D:8      | Found a deep blue altar of Sif Muna.
  5233 | D:8      | Reached skill level 5 in Invocations
  5320 | D:8      | Found Joarijeo's Gadget Shop.
  5323 | D:8      | Bought a wand of disintegration (13) for 170 gold pieces
  5386 | D:8      | Acquired Makhleb's fifth power
  5505 | D:8      | Reached XP level 10. HP: 83/83 MP: 17/17
  5542 | D:8      | Reached skill level 1 in Armour
  5692 | D:8      | Found an opulent altar of Gozag.
  6441 | D:8      | Reached skill level 1 in Evocations
  6514 | D:10     | Entered Level 10 of the Dungeon
  6744 | D:9      | Reached skill level 5 in Armour
  6757 | D:9      | Reached XP level 11. HP: 68/89 MP: 21/21
  7173 | D:10     | Found Hiat's Armour Emporium.
  7916 | D:11     | Reached skill level 5 in Evocations
  8008 | D:11     | Noticed a seven-headed hydra
  8145 | D:12     | Found a staircase to the Orcish Mines.
  8406 | Orc:1    | Entered Level 1 of the Orcish Mines
  8406 | Orc:1    | Found Skenoa's Weapon Emporium.
  8501 | Orc:1    | Noticed an orc high priest
  8747 | Orc:1    | Reached skill level 10 in Invocations
  8751 | Orc:1    | Noticed an orc knight
  8825 | D:12     | HP: 4/89 [gargoyle/stone arrow (10)]
  8930 | D:11     | Noticed Harold
  8949 | D:11     | Killed Harold
  9181 | D:11     | Noticed Grum
  9194 | D:11     | Killed Grum
  9194 | D:11     | Reached XP level 12. HP: 96/96 MP: 25/25
  9793 | Orc:1    | Noticed an orc knight
  9794 | Orc:1    | Killed an orc knight
  9797 | Orc:1    | Killed an orc high priest
  9840 | Orc:1    | Killed an orc knight
 10017 | Orc:1    | Found a roughly hewn altar of Beogh.
 10149 | Orc:2    | Found a bloodstained altar of Trog.
 10600 | Orc:3    | Found a burning altar of Makhleb.
 10602 | Orc:3    | Noticed Nergalle
 10602 | Orc:3    | Noticed Nessos
 10723 | D:12     | Noticed Erolcha
 10884 | D:10     | Bought the +5 chain mail "Xompus" {MR+++ Stlth-} for 601 gold pieces
 11091 | D:11     | Noticed Josephine
 11123 | D:11     | Killed Josephine
 11682 | D:9      | Found a staircase to the Lair.
 11786 | Lair:1   | Entered Level 1 of the Lair of Beasts
 11880 | Lair:1   | Noticed a six-headed hydra
 11891 | Lair:1   | Found a frozen archway.
 11995 | IceCv    | Entered an ice cave
 12081 | IceCv    | HP: 5/100 [ice beast[an ice statue] (4)]
 12081 | IceCv    | Slain by an ice beast

Action                   |  1- 3 |  4- 6 |  7- 9 | 10-12 || total
-------------------------+-------+-------+-------+-------++-------
Melee: War axe           |    99 |   204 |   329 |    44 ||   676
       Hand axe          |       |       |   204 |       ||   204
       Battleaxe         |       |       |       |   941 ||   941
Throw: Throwing net      |     4 |     1 |     3 |       ||     8
Invok: Lesser Servant of |       |       |       |     3 ||     3
       Greater Servant o |       |       |       |     1 ||     1
Evoke: Wand              |       |       |     1 |    18 ||    19
  Use: Potion            |       |       |     2 |     5 ||     7
       Scroll            |       |       |     9 |    18 ||    27
 Stab: Paralysed         |       |     2 |       |     2 ||     4
       Held in net/web   |       |     1 |       |       ||     1
       Distracted        |       |       |       |     1 ||     1
  Eat: Chunk             |     5 |    16 |    52 |   106 ||   179

Action                   |  1- 3 |  4- 6 |  7- 9 | 10-12 || total
-------------------------+-------+-------+-------+-------++-------
Melee: War axe           |    99 |   204 |   329 |    44 ||   676
       Hand axe          |       |       |   204 |       ||   204
       Battleaxe         |       |       |       |   941 ||   941
Throw: Throwing net      |     4 |     1 |     3 |       ||     8
Invok: Lesser Servant of |       |       |       |     3 ||     3
       Greater Servant o |       |       |       |     1 ||     1
Evoke: Wand              |       |       |     1 |    18 ||    19
  Use: Potion            |       |       |     2 |     5 ||     7
       Scroll            |       |       |     9 |    18 ||    27
 Stab: Paralysed         |       |     2 |       |     2 ||     4
       Held in net/web   |       |     1 |       |       ||     1
       Distracted        |       |       |       |     1 ||     1
  Eat: Chunk             |     5 |    16 |    52 |   106 ||   179

Action                   |  1- 3 |  4- 6 |  7- 9 | 10-12 || total
-------------------------+-------+-------+-------+-------++-------
Melee: War axe           |    99 |   204 |   329 |    44 ||   676
       Hand axe          |       |       |   204 |       ||   204
       Battleaxe         |       |       |       |   941 ||   941
Throw: Throwing net      |     4 |     1 |     3 |       ||     8
Invok: Lesser Servant of |       |       |       |     3 ||     3
       Greater Servant o |       |       |       |     1 ||     1
Evoke: Wand              |       |       |     1 |    18 ||    19
  Use: Potion            |       |       |     2 |     5 ||     7
       Scroll            |       |       |     9 |    18 ||    27
 Stab: Paralysed         |       |     2 |       |     2 ||     4
       Held in net/web   |       |     1 |       |       ||     1
       Distracted        |       |       |       |     1 ||     1
  Eat: Chunk             |     5 |    16 |    52 |   106 ||   179
